 Dungeon Crawl Stone Soup version 0.31.0-11-ge490571c62 (webtiles) character file.

Game seed: 5658236882672270773

368 qw the Skirmisher (level 6, -4/35 HPs)
             Began as a Deep Elf Hunter on Feb 5, 2024.
             Slain by an orc priest
             ... wielding a +0 club
              (13 damage)
             ... on level 5 of the Dungeon.
             The game lasted 00:01:34 (3313 turns).

qw the Skirmisher (Deep Elf Hunter)                 Turns: 3313, Time: 00:01:35

Health: -4/35      AC:  8    Str: 10    XL:     6   Next: 41%
Magic:  8/8        EV:  2    Int: 14    God:
Gold:   332        SH:  0    Dex: 18    Spells: 5/5 levels left

rFire   . . .        a - +0 shortbow
rCold   . . .        (shield currently unavailable)
rNeg    . . .        i - +0 ring mail
rPois   .            c - +1 helmet of the Baku {+Blink Stlth+}
rElec   .            n - +0 cloak
rCorr   .            (no gloves)
SInv    .            (no boots)
Will    .....        (no amulet)
Stlth   ++           (no ring)
HPRegen 0.25/turn    (no ring)
MPRegen 0.11/turn

%: no passive effects
@: sleeping
A: no striking features
a: Evoke Blink


You were on level 5 of the Dungeon.
You visited 1 branch of the dungeon, and saw 5 of its levels.

You collected 332 gold pieces.


   Skills:
 - Level 2.1 Fighting
 + Level 9.7 Ranged Weapons
 - Level 1.0 Armour
 - Level 2.4 Dodging
 - Level 1.2 Stealth


You had 5 spell levels left.
You didn't know any spells.
Your spell library was empty.

Inventory:

Hand Weapons
 a - a +0 shortbow (weapon)
Armour
 c - the +1 helmet of the Baku (worn) {+Blink Stlth+}
   (You acquired it on level 1 of the Dungeon)

   +Blink:    It lets you blink.
   Stlth+:    It makes you more stealthy.
 i - a +0 ring mail (worn)
 n - a +0 cloak (worn)
Jewellery
 e - a ring of ice
Wands
 b - a wand of light (11)
 o - a wand of paralysis (10)
Scrolls
 j - a scroll of teleportation
Potions
 d - a potion of mutation {unknown}
 f - a potion of attraction {unknown}
 h - a potion of berserk rage {unknown}
 k - 2 potions of resistance {unknown}
 l - a potion of heal wounds {unknown}
 m - a potion of cancellation {unknown}

Dungeon Overview and Level Annotations

Branches:
Dungeon (5/15)
 Temple: D:4-7

Altars:
Qazlal
Trog

Shops:
D:1 [[


Message History

You are confused.
An orc priest comes into view. It is wielding a +0 club.
3303 ||| DRINKING potion of curing.
You feel better.
3303 ||| (to cure confusion)
The orc priest shouts!
The orc wizard gestures at you while chanting.
You are confused.
A quokka comes into view.
The orc priest mumbles some strange prayers to Beogh against you.
You struggle to resist.
A phantom comes into view.
The orc wizard mumbles some strange words.
The orc wizard flickers and vanishes!
Deactivating autopickup; reactivate with Ctrl-A.
The sleepcap releases spores at you. The sleepcap releases spores at you!
You feel less confused. The sleepcap releases spores at you!
Something hits you but does no damage.
Enter note:
Enter note:
Enter note:
Enter note:
3310 ||| RETREEEEATING.
You shoot an arrow. The quokka barely misses you.
The sleepcap barely misses you. Something hits you.
3311 ||| RETREEEEATING.
You shoot an arrow. The quokka bites you. Something hits you.
The sleepcap releases spores at you but does no damage.
The quokka bites you but does no damage.
3312 ||| RETREEEEATING.
You shoot an arrow. The quokka barely misses you. The orc barely misses you.
Something hits you but does no damage. The orc priest barely misses you.
The sleepcap barely misses you.
3313 ||| RETREEEEATING.
You shoot an arrow. The quokka bites you. The orc closely misses you.
The sleepcap releases spores at you.
You are engulfed in a cloud of soporific spores!
You fall asleep.
Something hits you but does no damage. The orc priest hits you with a +0 club!
You die...

...¤.....# ..
#........###### #.#
#............# #.#
#......~####.###### #.#
#.....~8..........# #.#
##......~..........# #.#
#........#.##.#....# #.#
...$...oo..##.##.#.# #.#
......Wf@####.##.#.####.#
....~~.r{# #.##.........
....¤..#.# #.##.........
....).##!# #.###PP####P)
.....# #.# #. ##7.# 7..P
¤.... ... P ####7.77
##... ### #7. ##.7)P# ##
##P7###.7.77#
P..##.7)).##


You could see a phantom, a sleepcap, an orc priest, an orc and a quokka.

Vanquished Creatures
  A kobold brigand (D:5)
  A scorpion (D:4)
  A jelly (D:4)
  An orc priest (D:4)
  An orc wizard (D:4)
  5 adders
  3 dart slugs
  2 ribbon worms
  3 orcs
  5 bats
  9 endoplasms
  5 giant cockroaches
  7 goblins
  6 hobgoblins
  2 jackals (D:4)
  3 quokkas
  5 ball pythons
  A frilled lizard (D:1)
  30 kobolds
  4 rats
95 creatures vanquished.

Notes
Turn   | Place    | Note
-------+----------+-------------------------------------------
     0 | D:1      | qw the Deep Elf Hunter began the quest for the Orb.
     0 | D:1      | Reached XP level 1. HP: 12/12 MP: 3/3
     0 | D:1      | 0 ||| qw: Version: 0.3-a-160-g6735b56
     0 | D:1      | 0 ||| qw: Game counter: 6343
     0 | D:1      | 0 ||| qw: Melee chars always use a shield: true
     0 | D:1      | 0 ||| qw: God list: Okawaru
     0 | D:1      | 0 ||| qw: Allow faded altars: false
     0 | D:1      | 0 ||| qw: Do Orc after clearing Dungeon:15 true
     0 | D:1      | 0 ||| qw: Do second Lair branch before Depths: true
     0 | D:1      | 0 ||| qw: Lair rune preference: random
     0 | D:1      | 0 ||| qw: Goals: Normal
     0 | D:1      | 0 ||| PLANNING D:1-11
   111 | D:1      | Reached XP level 2. HP: 16/16 MP: 4/4
   112 | D:1      | Found Ditusop's Armour Emporium.
   116 | D:1      | Reached skill level 6 in Ranged Weapons
   129 | D:1      | 129 ||| SHOPLISTING +0 ring mail of the Mackerel {Will-
                  | Str+7} (236 gold, have 24).
   129 | D:1      | 129 ||| SHOPLISTING +2 scale mail of fire resistance (231
                  | gold, have 24).
   129 | D:1      | 129 ||| SHOPLISTING +5 moon troll leather armour {Spirit,
                  | Regen++ MP+5} (654 gold, have 24).
   319 | D:1      | Found Xierphose's Armour Boutique.
   335 | D:1      | 335 ||| SHOPLISTING +0 helmet (63 gold, have 31).
   339 | D:1      | Found a faded altar of an unknown god.
   519 | D:1      | 519 ||| UPGRADING to +0 scale mail.
   529 | D:1      | 529 ||| DROPPING +0 leather armour.
   530 | D:1      | 530 ||| UPGRADING to +0 ring mail.
   540 | D:1      | 540 ||| DROPPING +0 scale mail.
   541 | D:1      | 541 ||| DROPPING -3 pair of gloves.
   542 | D:1      | 542 ||| READING scroll labelled WISERO SUO.
   543 | D:1      | 543 ||| READING scroll labelled BUAP IXOM KOCRA.
   547 | D:1      | 547 ||| READING scroll labelled LEAWYM JOGI.
   547 | D:1      | Identified a scroll of acquirement
   547 | D:1      | 547 ||| ACQUIRING +1 helmet of the Baku {+Blink Stlth+}
   547 | D:1      | Acquired the +1 helmet of the Baku {+Blink Stlth+}
   549 | D:1      | 549 ||| UPGRADING to +1 helmet of the Baku {+Blink Stlth+}.
   554 | D:1      | 554 ||| READING scroll labelled ZEAKHO BUVAA.
   555 | D:1      | 555 ||| READING scroll labelled HOFEACL GUUFA.
   556 | D:1      | 556 ||| READING scroll labelled YCIMUID PEACA.
   557 | D:1      | 557 ||| DROPPING scroll of butterflies.
   585 | D:2      | Reached XP level 3. HP: 20/20 MP: 5/5
   641 | D:2      | Reached skill level 7 in Ranged Weapons
   660 | D:2      | 660 ||| FLEEEEING.
   942 | D:2      | Reached XP level 4. HP: 25/25 MP: 6/6
  1282 | D:2      | 1282 ||| READING scroll labelled LYTZAUZ QORY.
  1282 | D:2      | 1282 ||| IDENTIFYING orange potion
  1283 | D:2      | 1283 ||| DROPPING potion of magic.
  1760 | D:3      | Reached skill level 8 in Ranged Weapons
  1914 | D:3      | 1914 ||| UPGRADING to +0 cloak.
  1919 | D:3      | 1919 ||| READING scroll of identify.
  1919 | D:3      | 1919 ||| IDENTIFYING purple potion
  1920 | D:3      | 1920 ||| DRINKING 2 brown potions.
  1921 | D:3      | 1921 ||| DROPPING potion of brilliance.
  2103 | D:4      | Found a stormy altar of Qazlal.
  2324 | D:4      | Noticed a scorpion
  2325 | D:4      | 2325 ||| ZAPPING wand of paralysis (11) at 2,-6 (scorpion;
                  | floor).
  2333 | D:4      | Killed a scorpion
  2334 | D:4      | Reached XP level 5. HP: 29/29 MP: 7/7
  2419 | D:4      | Reached skill level 9 in Ranged Weapons
  2569 | D:4      | 2569 ||| DRINKING potion of curing.
  2569 | D:4      | 2569 ||| (to cure confusion)
  2704 | D:4      | Reached XP level 6. HP: 20/35 MP: 8/8
  2705 | D:4      | Reached skill level 1 in Armour
  2826 | D:5      | Entered Level 5 of the Dungeon
  2853 | D:5      | Found a bloodstained altar of Trog.
  3049 | D:5      | 3049 ||| FLEEEEING.
  3056 | D:5      | 3056 ||| FLEEEEING.
  3076 | D:5      | 3076 ||| FLEEEEING.
  3077 | D:5      | 3077 ||| FLEEEEING.
  3078 | D:5      | 3078 ||| FLEEEEING.
  3087 | D:5      | 3087 ||| FLEEEEING.
  3088 | D:5      | 3088 ||| FLEEEEING.
  3144 | D:5      | 3144 ||| FLEEEEING.
  3145 | D:5      | 3145 ||| FLEEEEING.
  3303 | D:5      | 3303 ||| DRINKING potion of curing.
  3303 | D:5      | 3303 ||| (to cure confusion)
  3310 | D:5      | 3310 ||| RETREEEEATING.
  3311 | D:5      | 3311 ||| RETREEEEATING.
  3312 | D:5      | 3312 ||| RETREEEEATING.
  3313 | D:5      | 3313 ||| RETREEEEATING.
  3313 | D:5      | Slain by an orc priest

Levels and vault maps discovered:
D:1:      kennysheep_arrival_seaside, layout_basic, serial_shops,
          nicolae_shop_scrapyard, shop, hellmonk_ecumenical_altar_run_dry
D:2:      layout_loops_ring, minmay_octomino_e4
D:3:      layout_basic
D:4:      layout_loops_corners, pf_just_have_faith, minmay_cupped
D:5:      kennysheep_kobold_camp, layout_loops_ring, amcnicky_altar_gilded,
          minitemple, kennysheep_decorative_pillar

Skill      XL: |  1  2  3  4  5  6 |
---------------+-------------------+-----
Ranged Weapons | 6 7 8 9 |  9.7
Fighting       | 2 |  2.1
Armour         | 1 |  1.0
Dodging        | |  2.4
Stealth        | |  1.2

Action                     |  1- 3 |  4- 6 || total
---------------------------+-------+-------++-------
   Fire: Shortbow          |   100 |   179 ||   279
  Evoke: Wand              |       |     1 ||     1
    Use: Scroll            |     6 |     2 ||     8
         Potion            |       |     3 ||     3
 Armour: Leather armour    |     3 |       ||     3
         Ring mail         |    14 |    57 ||    71
  Dodge: Dodged            |    18 |    39 ||    57

Table legend:
 A = Non-vault XP
 B = Vault XP
 C = Vault XP percentage of total XP
 D = Non-vault monster count
 E = Vault monster count
 F = Vault count percentage of total count
                 A         B        C        D         E       F
            +---------+---------+-------+---------+---------+-------
      Total |     348 |     178 |  33.8 |      69 |      26 |  27.4
            +---------+---------+-------+---------+---------+-------
        D:1 |      38 |       0 |   0.0 |      21 |       0 |   0.0
        D:2 |      79 |       4 |   4.8 |      24 |       2 |   7.7
        D:3 |      34 |       0 |   0.0 |      11 |       0 |   0.0
        D:4 |     181 |      47 |  20.6 |      11 |       3 |  21.4
        D:5 |      16 |     127 |  88.8 |       2 |      21 |  91.3
            +---------+---------+-------+---------+---------+-------
